Sewer Rats vs Influenza (R1)

Created - 2 février 2017 at 07:15

Goals
1 2 3 T
Sewer Rats 2 1 1 4
Influenza 3 3 1 7
Shots
1 2 3 T
Sewer Rats 8 10 12 30
Influenza 20 14 9 43

1st period

1. Influenza , Robbie Earl 23 (John Klingberg, Jeremy Morin) at 7:22
2. Influenza , Jeremy Morin 8 (Robbie Earl, Mathieu Carle) at 12:23
3. Sewer Rats , Jared Boll 22 (Zach Boychuk, Steven Kampfer) at 13:12
4. Influenza , Evgeny Grachev 23 (Jamie Benn, John Klingberg) at 13:38 (PP)
5. Sewer Rats , Peter Mueller 8 (Ville Leino) at 13:44

Penalties :
Ben Smith (VJB) for Tripping (Minor) at 0:15, Peter Mueller (Tol) for Hooking (Minor) at 13:31, Carl Gunnarsson (VJB) for Hooking (Minor) at 14:49

2nd period

6. Influenza , Jordan Schroeder 3 (John Klingberg, Mathieu Carle) at 2:49
7. Sewer Rats , Ville Leino 26 (Peter Mueller, Mark Mancari) at 2:57
8. Influenza , Charlie Coyle 4 (Robbie Earl, John Klingberg) at 6:13 (PP)
9. Influenza , Iiro Pakarinen 1 (Ryan Russell, John Klingberg) at 9:05

Penalties :
Richard Jackman (Tol) for Hooking (Minor) at 4:35, Derek Dorsett (Tol) for Hooking (Minor) at 13:54, Matt Corrente (VJB) for Interference (Minor) at 16:35

3rd period

10. Sewer Rats , Zach Boychuk 11 (Kyle Turris) at 3:54
11. Influenza , Ben Smith 23 (Carl Gunnarsson, Jamie Benn) at 9:44

Penalties :
Mattias Ekholm (Tol) for Roughing (Minor) at 4:25, Kyle Quincey (Tol) for Slashing (Minor) at 13:55

Goalie Stats

Richard Bachman (Tol), 36 saves from 43 shots - (0,837), L, 14-13-1, 60:00 minutes
Thomas McCollum (VJB), 26 saves from 30 shots - (0,867), W, 21-9-1, 60:00 minutes

Players Stats for Sewer Rats

Player Name              G  A  P  +/- PIM S  H  SB GA TA FO     MP     PP MP  PK MP  
------------------------------------------------------------------------------------
Daniel Carr              0  0  0   0  0   0  0  0  0  0  0/1     1:32   0:00   1:31 
Derek Dorsett            0  0  0  -3  2   0  2  0  0  0  0/0    12:45   0:00   0:00 
Evan Brophey             0  0  0   0  0   0  0  0  0  0  0/0     5:16   0:00   0:00 
Jared Boll               1  0  1   2  0   2  1  0  2  1  1/1    17:04   2:42   0:00 
Jarred Tinordi           0  0  0   0  0   2  1  1  0  1  0/0    12:01   0:00   2:05 
Joel Edmundson           0  0  0   0  0   0  0  0  0  0  0/0     5:45   0:00   1:00 
John Lammers             0  0  0   0  0   0  0  0  0  0  0/0     6:15   0:00   0:59 
Jonathan Marchessault    0  0  0  -3  0   1  2  0  0  0  6/8    12:45   0:00   0:00 
Kyle Quincey             0  0  0   3  2   0  3  1  1  0  0/0    18:53   2:49   2:21 
Kyle Turris              0  1  1   2  0   5  3  0  1  0  7/16   17:04   2:42   0:00 
Mark Mancari             0  1  1   0  0   2  0  0  1  0  2/5    19:01   3:15   2:07 
Matt Lashoff             0  0  0  -4  0   0  0  2  1  0  0/0    25:30   3:08   4:24 
Mattias Ekholm           0  0  0   3  2   1  0  2  0  1  0/0    19:09   2:49   2:21 
Nick Cousins             0  0  0   0  0   0  0  0  0  0  0/0     0:00   0:00   0:00 
Patrick Bordeleau        0  0  0  -1  0   0  0  0  0  0  0/0     1:38   0:00   0:00 
Peter Mueller            1  1  2   0  2   5  2  1  0  2  19/36  21:31   3:15   4:20 
Richard Jackman          0  0  0  -4  2   2  1  1  0  1  0/0    24:18   3:08   3:13 
Ryan Murphy              0  0  0   0  0   0  0  0  0  0  0/0     4:43   0:00   0:00 
Steven Kampfer           0  1  1   0  0   0  1  0  0  0  0/0     9:56   0:00   0:00 
Tom Sestito              0  0  0   0  0   0  0  0  0  0  0/0     0:00   0:00   0:00 
Ville Leino              1  1  2   1  0   3  3  1  2  0  3/5    25:00   3:15   4:09 
Vincent Trocheck         0  0  0   0  0   0  0  0  0  0  0/0     0:11   0:00   0:11 
Vojtech Polak            0  0  0  -3  0   1  2  0  0  0  0/0    12:45   0:00   0:00 
William Karlsson         0  0  0   0  0   0  0  0  0  0  0/0     0:00   0:00   0:00 
Zach Boychuk             1  1  2   2  0   6  1  0  1  1  0/1    19:11   2:42   2:07 

Players Stats for Influenza

Player Name              G  A  P  +/- PIM S  H  SB GA TA FO     MP     PP MP  PK MP  
------------------------------------------------------------------------------------
Andreas Engqvist         0  0  0   1  0   1  0  0  0  0  2/2     8:10   0:00   0:00 
Ben Smith                1  0  1   0  2   1  2  2  1  0  0/1    18:22   0:20   2:14 
Carl Gunnarsson          0  1  1   0  2   5  1  2  0  2  0/0    20:48   3:10   1:43 
Charlie Coyle            1  0  1   0  0   1  4  0  1  0  8/21   19:12   4:03   2:32 
Corey Tropp              0  0  0   0  0   0  1  0  0  0  0/1     9:45   0:00   0:00 
Evgeny Grachev           1  0  1   0  0   4  1  1  0  0  19/37  22:58   3:39   3:30 
Iiro Pakarinen           1  0  1   1  0   2  1  0  0  1  0/0     8:10   0:00   0:00 
Jamie Benn               0  2  2   0  0   2  1  2  2  0  1/1    21:59   3:39   2:51 
Jeff May                 0  0  0   0  0   1  0  0  0  0  1/1    14:35   3:19   1:54 
Jeremy Morin             1  1  2   0  0   3  1  0  1  0  1/1    16:40   4:03   0:00 
John Klingberg           0  5  5   1  0   3  2  1  1  2  0/0    28:26   4:32   3:08 
Jordan Schroeder         1  0  1   0  0   2  0  1  0  0  2/7    10:11   0:00   0:26 
Mathieu Carle            0  2  2   1  0   3  0  0  1  2  0/0    28:44   4:32   3:08 
Matt Corrente            0  0  0   0  2   4  2  2  0  1  0/0    21:13   3:10   2:01 
Robbie Earl              1  2  3   0  0   8  2  2  0  1  1/1    17:04   4:03   0:21 
Ryan Russell             0  1  1   1  0   0  0  0  0  0  0/0     8:10   0:00   0:00 
T.J Galiardi             0  0  0   0  0   3  2  0  0  0  0/0     9:45   0:00   0:00 
Tim Erixon               0  0  0   0  0   0  0  0  0  0  0/0     9:48   0:00   0:00 

3 Stars

1 - John Klingberg (VJB)
2 - Robbie Earl (VJB)
3 - Ville Leino (Tol)

Power Play

Sewer Rats - 0 on 3 Attempt(s) - 0,00%
Influenza - 2 on 5 Attempt(s) - 40,00%

Penalty Kill

Sewer Rats - 3 on 5 Attempt(s) - 60,00% - Score 0 goal in Penalty Kill
Influenza - 3 on 3 Attempt(s) - 100,00% - Score 0 goal in Penalty Kill

Team Stat

Sewer Rats - Hits : 22 - Faceoff Wins : 38 - Blocked Shots : 9 - Penalty Minutes : 10
Influenza - Hits : 20 - Faceoff Wins : 35 - Blocked Shots : 13 - Penalty Minutes : 6

Official

Referees : Rehman Kyle and McCauley Wes
Linesman : Tony Sericolo and Jay Sharrers

Game Notes

9:44 of 3rd period - Influenza goal is going for a video replay. After video review, Goal.

Finance

Level 1 -- Attendance: 1564 (78,20%) -- Ticket Income 62 560 $
Level 2 -- Attendance: 685 (68,50%) -- Ticket Income 13 700 $
Total Attendance: 2249 (74,97%)
Total Ticket Income: 76 260 $
Other Income: 3 813 $
Total Income: 80 073 $

Sewer Rats

5 vs 5 Forward 
   Center                   Left Wing                Right Wing               Time % Phy DF OF 
 1 Peter Mueller            Ville Leino              Mark Mancari             40     1   2  2  
 2 Kyle Turris              Zach Boychuk             Jared Boll               30     1   2  2  
 3 Jonathan Marchessault    Vojtech Polak            Derek Dorsett            20     1   2  2  
 4 Evan Brophey             John Lammers             Ville Leino              10     1   2  2  

5 vs 5 Defense 
   Defense                  Defense                                           Time % Phy DF OF 
 1 Richard Jackman          Matt Lashoff                                      40     1   2  2  
 2 Mattias Ekholm           Kyle Quincey                                      30     1   2  2  
 3 Steven Kampfer           Jarred Tinordi                                    20     1   2  2  
 4 Joel Edmundson           Ryan Murphy                                       10     1   2  2  

PowerPlay Forward 
   Center                   Left Wing                Right Wing               Time % Phy DF OF 
 1 Peter Mueller            Ville Leino              Mark Mancari             60     1   2  2  
 2 Kyle Turris              Zach Boychuk             Jared Boll               40     1   2  2  

PowerPlay Defense
   Defense                  Defense                                           Time % Phy DF OF 
 1 Richard Jackman          Matt Lashoff                                      60     1   2  2  
 2 Mattias Ekholm           Kyle Quincey                                      40     1   2  2  

Penalty Kill 4 Players Forward 
   Center                   Wing                     Time % Phy DF OF 
 1 Ville Leino              Peter Mueller            60     1   2  2  
 2 Mark Mancari             Zach Boychuk             40     1   2  2  

Penalty Kill 4 Players Defense
   Defense                  Defense                  Time % Phy DF OF 
 1 Richard Jackman          Matt Lashoff             60     1   2  2  
 2 Mattias Ekholm           Kyle Quincey             40     1   2  2  

Penalty Kill - 3 Players Forward 
   Forward                                           Time % Phy DF OF 
 1 Ville Leino                                       60     1   2  2  
 2 Peter Mueller                                     40     1   2  2  

Penalty Kill - 3 Players Defense
   Defense                  Defense                  Time % Phy DF OF 
 1 Richard Jackman          Matt Lashoff             60     1   2  2  
 2 Mattias Ekholm           Kyle Quincey             40     1   2  2  

4 vs 4 Forward 
   Center                   Wing                     Time % Phy DF OF 
 1 Ville Leino              Peter Mueller            60     1   2  2  
 2 Mark Mancari             Zach Boychuk             40     1   2  2  

4 vs 4 Defense
   Defense                  Defense                  Time % Phy DF OF 
 1 Richard Jackman          Matt Lashoff             60     1   2  2  
 2 Mattias Ekholm           Kyle Quincey             40     1   2  2  

Last Minutes Offensive
   Center                   Left Wing                Right Wing               Defense                  Defense                  
   Peter Mueller            Ville Leino              Mark Mancari             Richard Jackman          Matt Lashoff             

Last Minutes Defensive
   Center                   Left Wing                Right Wing               Defense                  Defense                  
   Peter Mueller            Ville Leino              Mark Mancari             Richard Jackman          Matt Lashoff             

Goaltenders
Starting : Richard Bachman          
Backup : Brad Thiessen            

Extra Forwards
Normal : Patrick Bordeleau, Tom Sestito, Daniel Carr - PP : Patrick Bordeleau, Tom Sestito - PK : Daniel Carr
Extra Defensemen
Normal : Steven Kampfer, Jarred Tinordi, Joel Edmundson - PP : Steven Kampfer - PK : Jarred Tinordi, Joel Edmundson
Penalty Shots
Ville Leino, Peter Mueller, Mark Mancari, Zach Boychuk, Kyle Turris

Influenza

5 vs 5 Forward 
   Center                   Left Wing                Right Wing               Time % Phy DF OF 
 1 Evgeny Grachev           Jamie Benn               Ben Smith                40     1   2  2  
 2 Charlie Coyle            Robbie Earl              Jeremy Morin             30     1   2  2  
 3 Jordan Schroeder         T.J Galiardi             Corey Tropp              20     1   2  2  
 4 Andreas Engqvist         Ryan Russell             Iiro Pakarinen           10     1   2  2  

5 vs 5 Defense 
   Defense                  Defense                                           Time % Phy DF OF 
 1 John Klingberg           Mathieu Carle                                     40     1   2  2  
 2 Carl Gunnarsson          Matt Corrente                                     30     1   2  2  
 3 Tim Erixon               Jeff May                                          20     1   2  2  
 4 John Klingberg           Mathieu Carle                                     10     1   2  2  

PowerPlay Forward 
   Center                   Left Wing                Right Wing               Time % Phy DF OF 
 1 Evgeny Grachev           Jamie Benn               Jeff May                 60     1   2  2  
 2 Charlie Coyle            Robbie Earl              Jeremy Morin             40     1   2  2  

PowerPlay Defense
   Defense                  Defense                                           Time % Phy DF OF 
 1 John Klingberg           Mathieu Carle                                     60     1   2  2  
 2 Carl Gunnarsson          Matt Corrente                                     40     1   2  2  

Penalty Kill 4 Players Forward 
   Center                   Wing                     Time % Phy DF OF 
 1 Evgeny Grachev           Ben Smith                60     1   2  2  
 2 Charlie Coyle            Jamie Benn               40     1   2  2  

Penalty Kill 4 Players Defense
   Defense                  Defense                  Time % Phy DF OF 
 1 John Klingberg           Mathieu Carle            60     1   2  2  
 2 Carl Gunnarsson          Matt Corrente            40     1   2  2  

Penalty Kill - 3 Players Forward 
   Forward                                           Time % Phy DF OF 
 1 Evgeny Grachev                                    60     1   2  2  
 2 Charlie Coyle                                     40     1   2  2  

Penalty Kill - 3 Players Defense
   Defense                  Defense                  Time % Phy DF OF 
 1 John Klingberg           Mathieu Carle            60     1   2  2  
 2 Carl Gunnarsson          Matt Corrente            40     1   2  2  

4 vs 4 Forward 
   Center                   Wing                     Time % Phy DF OF 
 1 Evgeny Grachev           Ben Smith                60     1   2  2  
 2 Charlie Coyle            Jamie Benn               40     1   2  2  

4 vs 4 Defense
   Defense                  Defense                  Time % Phy DF OF 
 1 John Klingberg           Mathieu Carle            60     1   2  2  
 2 Carl Gunnarsson          Matt Corrente            40     1   2  2  

Last Minutes Offensive
   Center                   Left Wing                Right Wing               Defense                  Defense                  
   Evgeny Grachev           Jamie Benn               Ben Smith                John Klingberg           Mathieu Carle            

Last Minutes Defensive
   Center                   Left Wing                Right Wing               Defense                  Defense                  
   Charlie Coyle            Robbie Earl              Ben Smith                John Klingberg           Mathieu Carle            

Goaltenders
Starting : Thomas McCollum          
Backup : Olivier Roy              

Extra Forwards
Normal : Charlie Coyle, Ben Smith, Jeremy Morin - PP : Evgeny Grachev, Ben Smith - PK : Charlie Coyle
Extra Defensemen
Normal : Carl Gunnarsson, John Klingberg, Matt Corrente - PP : Carl Gunnarsson - PK : Carl Gunnarsson, Mathieu Carle
Penalty Shots
Jamie Benn, Robbie Earl, Ben Smith, John Klingberg, Evgeny Grachev

% Time on Ice - Sewer Rats

Lines # - Real PCT - Wanted PCT - Time Play
Normal Forward
1 - 30% - 40% - 13:58
2 - 31% - 30% - 14:22
3 - 28% - 20% - 12:45
4 - 11% - 10% - 5:16
Normal Defense
1 - 39% - 40% - 17:58
2 - 30% - 30% - 13:44
3 - 21% - 20% - 9:56
4 - 10% - 10% - 4:43
PP Forward
1 - 55% - 60% - 3:15
2 - 45% - 40% - 2:42
PP Defense
1 - 53% - 60% - 3:08
2 - 47% - 40% - 2:49
PK Forward
1 - 73% - 60% - 5:35
2 - 27% - 40% - 2:07
PK Defense
1 - 57% - 60% - 4:24
2 - 43% - 40% - 3:18
PK3 Forward
1 - 0% - 60%
2 - 0% - 40%
PK3 Defense
1 - 0% - 60%
2 - 0% - 40%
44 Forward
1 - 0% - 60%
2 - 0% - 40%
44 Defense
1 - 0% - 60%
2 - 0% - 40%
Last Minute Offensive  - 0:00
Last Minute Defensive  - 0:00
Total
Forward - 60:00
Defense - 60:00

% Time on Ice - Influenza

Lines # - Real PCT - Wanted PCT - Time Play
Normal Forward
1 - 34% - 40% - 15:49
2 - 27% - 30% - 12:37
3 - 21% - 20% - 9:45
4 - 18% - 10% - 8:10
Normal Defense
1 - 41% - 40% - 18:53
2 - 34% - 30% - 15:56
3 - 21% - 20% - 9:48
4 - 4% - 10% - 1:44
PP Forward
1 - 47% - 60% - 3:39
2 - 53% - 40% - 4:03
PP Defense
1 - 59% - 60% - 4:32
2 - 41% - 40% - 3:10
PK Forward
1 - 71% - 60% - 4:12
2 - 29% - 40% - 1:45
PK Defense
1 - 53% - 60% - 3:08
2 - 47% - 40% - 2:49
PK3 Forward
1 - 0% - 60%
2 - 0% - 40%
PK3 Defense
1 - 0% - 60%
2 - 0% - 40%
44 Forward
1 - 0% - 60%
2 - 0% - 40%
44 Defense
1 - 0% - 60%
2 - 0% - 40%
Last Minute Offensive  - 0:00
Last Minute Defensive  - 0:00
Total
Forward - 60:00
Defense - 60:00

Play by Play

1st period


0:01 of 1st period - Evgeny Grachev wins face-off versus Peter Mueller in neutral zone.
0:13 of 1st period - Wrist shot by Peter Mueller.
0:13 of 1st period - Shot Misses the Net.
0:15 of 1st period - Minor Penalty to Ben Smith for Tripping.
0:16 of 1st period - Peter Mueller wins face-off versus Evgeny Grachev in Influenza zone.
0:50 of 1st period - Icing by Richard Jackman.
0:51 of 1st period - Jamie Benn wins face-off versus Mark Mancari in Sewer Rats zone.
0:54 of 1st period - Snap shot by Evgeny Grachev.
0:54 of 1st period - Stopped by Richard Bachman without a rebound.
0:55 of 1st period - Evgeny Grachev wins face-off versus Mark Mancari in Sewer Rats zone.
0:59 of 1st period - Slapshot by Carl Gunnarsson.
0:59 of 1st period - Shot Misses the Net.
1:01 of 1st period - Wrist shot by Matt Corrente.
1:01 of 1st period - Stopped by Richard Bachman with a rebound.
1:05 of 1st period - Wrist shot by Jamie Benn.
1:05 of 1st period - Stopped by Richard Bachman without a rebound.
1:06 of 1st period - Kyle Turris wins face-off versus Charlie Coyle in Sewer Rats zone.
1:31 of 1st period - Peter Mueller is hit by Charlie Coyle and loses puck.
1:44 of 1st period - Evgeny Grachev is hit by Kyle Quincey and loses puck.
2:15 of 1st period - Penalty to Ben Smith is over, Ben Smith is back on ice.
2:32 of 1st period - Snap shot by T.J Galiardi.
2:32 of 1st period - Deflect By Matt Lashoff.
2:32 of 1st period - Stopped by Richard Bachman without a rebound.
2:33 of 1st period - Jeremy Morin wins face-off versus Kyle Turris in Sewer Rats zone.
2:40 of 1st period - Wrist shot by Jeremy Morin.
2:40 of 1st period - Stopped by Richard Bachman with a rebound.
2:45 of 1st period - Icing by Jared Boll.
2:46 of 1st period - Evgeny Grachev wins face-off versus Kyle Turris in Sewer Rats zone.
3:07 of 1st period - Slapshot by Jared Boll.
3:07 of 1st period - Stopped by Thomas McCollum with a rebound.
3:35 of 1st period - Wrist shot by Ben Smith.
3:35 of 1st period - Shot Misses the Net.
4:01 of 1st period - Snap shot by Evgeny Grachev.
4:01 of 1st period - Stopped by Richard Bachman with a rebound.
4:09 of 1st period - Snap shot by Ben Smith.
4:09 of 1st period - Shot Misses the Net.
4:13 of 1st period - Snap shot by Evgeny Grachev.
4:13 of 1st period - Shot Misses the Net.
4:17 of 1st period - Wrist shot by Jamie Benn.
4:17 of 1st period - Shot Misses the Net.
4:58 of 1st period - Wrist shot by Kyle Turris.
4:58 of 1st period - Shot Blocked by Ben Smith.
5:12 of 1st period - Wrist shot by Ben Smith.
5:12 of 1st period - Shot Blocked by Mattias Ekholm.
5:14 of 1st period - Snap shot by Matt Corrente.
5:14 of 1st period - Deflect By Mattias Ekholm.
5:14 of 1st period - Stopped by Richard Bachman without a rebound.
5:15 of 1st period - Peter Mueller wins face-off versus Charlie Coyle in Sewer Rats zone.
5:20 of 1st period - Robbie Earl is hit by Peter Mueller and loses puck.
6:46 of 1st period - Icing by Jordan Schroeder.
6:47 of 1st period - Andreas Engqvist wins face-off versus Peter Mueller in Influenza zone.
7:22 of 1st period - Snap shot by Robbie Earl.
7:22 of 1st period - Goal by Robbie Earl - Sewer Rats : 0 - Influenza : 1.
7:23 of 1st period - Peter Mueller wins face-off versus Charlie Coyle in neutral zone.
7:32 of 1st period - Off-side.
7:33 of 1st period - Charlie Coyle wins face-off versus Peter Mueller in neutral zone.
7:38 of 1st period - Icing by Ville Leino.
7:39 of 1st period - Peter Mueller wins face-off versus Charlie Coyle in Sewer Rats zone.
7:43 of 1st period - Off-side.
7:44 of 1st period - Charlie Coyle wins face-off versus Peter Mueller in neutral zone.
9:27 of 1st period - Snap shot by Ryan Russell.
9:27 of 1st period - Shot Misses the Net.
9:29 of 1st period - Wrist shot by Matt Corrente.
9:29 of 1st period - Stopped by Richard Bachman with a rebound.
9:31 of 1st period - Slapshot by Carl Gunnarsson.
9:31 of 1st period - Shot Blocked by Ville Leino.
9:43 of 1st period - Slapshot by Derek Dorsett.
9:43 of 1st period - Shot Misses the Net.
9:45 of 1st period - Slapshot by Derek Dorsett.
9:45 of 1st period - Deflect By Jonathan Marchessault.
9:45 of 1st period - Shot Blocked by Jordan Schroeder.
9:45 of 1st period - Puck is out of play.
9:46 of 1st period - Jonathan Marchessault wins face-off versus Jordan Schroeder in Influenza zone.
9:50 of 1st period - Icing by John Klingberg.
9:51 of 1st period - Jonathan Marchessault wins face-off versus Jordan Schroeder in Influenza zone.
9:52 of 1st period - Wrist shot by Derek Dorsett.
9:52 of 1st period - Shot Misses the Net.
10:02 of 1st period - Slapshot by T.J Galiardi.
10:02 of 1st period - Stopped by Richard Bachman without a rebound.
10:03 of 1st period - Charlie Coyle wins face-off versus Peter Mueller in Sewer Rats zone.
10:06 of 1st period - Backhand shot by John Klingberg.
10:06 of 1st period - Stopped by Richard Bachman without a rebound.
10:07 of 1st period - Peter Mueller wins face-off versus Charlie Coyle in Sewer Rats zone.
10:20 of 1st period - Wrist shot by Robbie Earl.
10:20 of 1st period - Deflect By Jeremy Morin.
10:20 of 1st period - Stopped by Richard Bachman with a rebound.
10:37 of 1st period - Snap shot by Mark Mancari.
10:37 of 1st period - Stopped by Thomas McCollum without a rebound.
10:38 of 1st period - Jonathan Marchessault wins face-off versus Evgeny Grachev in Influenza zone.
11:09 of 1st period - Slapshot by T.J Galiardi.
11:09 of 1st period - Deflect By Jordan Schroeder.
11:09 of 1st period - Stopped by Richard Bachman with a rebound.
11:27 of 1st period - Peter Mueller is hit by Charlie Coyle and loses puck.
11:36 of 1st period - Snap shot by Robbie Earl.
11:36 of 1st period - Stopped by Richard Bachman with a rebound.
11:46 of 1st period - Carl Gunnarsson is hit by Derek Dorsett and loses puck.
12:09 of 1st period - Wrist shot by Evgeny Grachev.
12:09 of 1st period - Deflect By Jamie Benn.
12:09 of 1st period - Stopped by Richard Bachman with a rebound.
12:11 of 1st period - Wrist shot by Ben Smith.
12:11 of 1st period - Shot Misses the Net.
12:13 of 1st period - Wrist shot by Jamie Benn.
12:13 of 1st period - Deflect By Jared Boll.
12:13 of 1st period - Shot Blocked by Mattias Ekholm.
12:13 of 1st period - Puck is out of play.
12:14 of 1st period - Charlie Coyle wins face-off versus Peter Mueller in Sewer Rats zone.
12:17 of 1st period - Snap shot by Jeremy Morin.
12:17 of 1st period - Shot Misses the Net.
12:21 of 1st period - Backhand shot by Robbie Earl.
12:21 of 1st period - Stopped by Richard Bachman with a rebound.
12:23 of 1st period - Wrist shot by Jeremy Morin.
12:23 of 1st period - Goal by Jeremy Morin - Sewer Rats : 0 - Influenza : 2.
12:24 of 1st period - Peter Mueller wins face-off versus Evgeny Grachev in neutral zone.
12:37 of 1st period - Wrist shot by Peter Mueller.
12:37 of 1st period - Stopped by Thomas McCollum without a rebound.
12:38 of 1st period - Peter Mueller wins face-off versus Evgeny Grachev in Influenza zone.
13:03 of 1st period - Charlie Coyle is hit by Jared Boll and loses puck.
13:12 of 1st period - Snap shot by Jared Boll.
13:12 of 1st period - Goal by Jared Boll - Sewer Rats : 1 - Influenza : 2.
13:13 of 1st period - Evgeny Grachev wins face-off versus Peter Mueller in neutral zone.
13:22 of 1st period - Slapshot by John Klingberg.
13:22 of 1st period - Stopped by Richard Bachman with a rebound.
13:31 of 1st period - Minor Penalty to Peter Mueller for Hooking.
13:32 of 1st period - Jeff May wins face-off versus Daniel Carr in Sewer Rats zone.
13:38 of 1st period - Wrist shot by Evgeny Grachev.
13:38 of 1st period - Goal by Evgeny Grachev - Sewer Rats : 1 - Influenza : 3.
13:39 of 1st period - Peter Mueller wins face-off versus Corey Tropp in neutral zone.
13:44 of 1st period - Snap shot by Peter Mueller.
13:44 of 1st period - Goal by Peter Mueller - Sewer Rats : 2 - Influenza : 3.
13:45 of 1st period - Peter Mueller wins face-off versus Evgeny Grachev in neutral zone.
14:11 of 1st period - John Klingberg is hit by Kyle Turris and loses puck.
14:32 of 1st period - Wrist shot by Iiro Pakarinen.
14:32 of 1st period - Stopped by Richard Bachman with a rebound.
14:44 of 1st period - Wrist shot by Jonathan Marchessault.
14:44 of 1st period - Stopped by Thomas McCollum without a rebound.
14:45 of 1st period - Peter Mueller wins face-off versus Evgeny Grachev in Influenza zone.
14:49 of 1st period - Minor Penalty to Carl Gunnarsson for Hooking.
14:50 of 1st period - Evgeny Grachev wins face-off versus Peter Mueller in Influenza zone.
15:16 of 1st period - John Klingberg is hit by Kyle Turris.
16:47 of 1st period - Ben Smith is hit by Peter Mueller and loses puck.
16:49 of 1st period - Penalty to Carl Gunnarsson is over, Carl Gunnarsson is back on ice.
16:58 of 1st period - Snap shot by Ben Smith.
16:58 of 1st period - Deflect By Evgeny Grachev.
16:58 of 1st period - Shot Blocked by Matt Lashoff.
16:58 of 1st period - Puck is out of play.
16:59 of 1st period - Jonathan Marchessault wins face-off versus Charlie Coyle in Sewer Rats zone.
17:08 of 1st period - Wrist shot by Vojtech Polak.
17:08 of 1st period - Stopped by Thomas McCollum with a rebound.
17:24 of 1st period - Mathieu Carle is hit by Jarred Tinordi and loses puck.
17:39 of 1st period - Zach Boychuk is hit by Iiro Pakarinen.
18:18 of 1st period - Richard Jackman is hit by T.J Galiardi.
19:31 of 1st period - Snap shot by Zach Boychuk.
19:31 of 1st period - Deflect By Kyle Turris.
19:31 of 1st period - Stopped by Thomas McCollum with a rebound.
19:43 of 1st period - Jonathan Marchessault is hit by Jamie Benn and loses puck.
Goals for this period are 2 for Sewer Rats vs 3 for Influenza.
Shots for this period are 8 for Sewer Rats vs 20 for Influenza.

2nd period


0:01 of 2nd period - Evgeny Grachev wins face-off versus Peter Mueller in neutral zone.
0:30 of 2nd period - Wrist shot by Robbie Earl.
0:30 of 2nd period - Stopped by Richard Bachman without a rebound.
0:31 of 2nd period - Charlie Coyle wins face-off versus Kyle Turris in Sewer Rats zone.
0:32 of 2nd period - Wrist shot by Robbie Earl.
0:32 of 2nd period - Stopped by Richard Bachman without a rebound.
0:33 of 2nd period - Kyle Turris wins face-off versus Charlie Coyle in Sewer Rats zone.
0:33 of 2nd period - Kyle Turris is hit by Robbie Earl.
1:22 of 2nd period - Off-side.
1:23 of 2nd period - Jordan Schroeder wins face-off versus Jonathan Marchessault in neutral zone.
2:03 of 2nd period - Wrist shot by T.J Galiardi.
2:03 of 2nd period - Stopped by Richard Bachman with a rebound.
2:05 of 2nd period - Slapshot by Mathieu Carle.
2:05 of 2nd period - Deflect By Matt Lashoff.
2:05 of 2nd period - Stopped by Richard Bachman with a rebound.
2:13 of 2nd period - Slapshot by John Klingberg.
2:13 of 2nd period - Stopped by Richard Bachman with a rebound.
2:15 of 2nd period - Slapshot by John Klingberg.
2:15 of 2nd period - Shot Blocked by Matt Lashoff.
2:17 of 2nd period - Snap shot by Jordan Schroeder.
2:17 of 2nd period - Shot Blocked by Richard Jackman.
2:27 of 2nd period - Slapshot by Richard Jackman.
2:27 of 2nd period - Stopped by Thomas McCollum with a rebound.
2:47 of 2nd period - Slapshot by John Klingberg.
2:47 of 2nd period - Shot Misses the Net.
2:49 of 2nd period - Wrist shot by Jordan Schroeder.
2:49 of 2nd period - Goal by Jordan Schroeder - Sewer Rats : 2 - Influenza : 4.
2:50 of 2nd period - Evgeny Grachev wins face-off versus Peter Mueller in neutral zone.
2:57 of 2nd period - Wrist shot by Ville Leino.
2:57 of 2nd period - Goal by Ville Leino - Sewer Rats : 3 - Influenza : 4.
2:58 of 2nd period - Peter Mueller wins face-off versus Evgeny Grachev in neutral zone.
3:11 of 2nd period - Wrist shot by Mark Mancari.
3:11 of 2nd period - Shot Blocked by Jamie Benn.
3:13 of 2nd period - Backhand shot by Mark Mancari.
3:13 of 2nd period - Stopped by Thomas McCollum with a rebound.
3:42 of 2nd period - Snap shot by Ville Leino.
3:42 of 2nd period - Shot Blocked by Robbie Earl.
3:44 of 2nd period - Slapshot by Jarred Tinordi.
3:44 of 2nd period - Shot Blocked by Robbie Earl.
3:46 of 2nd period - Slapshot by Jarred Tinordi.
3:46 of 2nd period - Stopped by Thomas McCollum with a rebound.
3:58 of 2nd period - Charlie Coyle is hit by Derek Dorsett and loses puck.
4:26 of 2nd period - Wrist shot by Evgeny Grachev.
4:26 of 2nd period - Stopped by Richard Bachman with a rebound.
4:28 of 2nd period - Slapshot by Jeff May.
4:28 of 2nd period - Stopped by Richard Bachman without a rebound.
4:29 of 2nd period - Evgeny Grachev wins face-off versus Kyle Turris in Sewer Rats zone.
4:35 of 2nd period - Minor Penalty to Richard Jackman for Hooking.
4:36 of 2nd period - Evgeny Grachev wins face-off versus Ville Leino in Sewer Rats zone.
4:47 of 2nd period - Off-side.
4:48 of 2nd period - Ville Leino wins face-off versus Evgeny Grachev in neutral zone.
5:31 of 2nd period - Mark Mancari is hit by Charlie Coyle and loses puck.
6:13 of 2nd period - Snap shot by Charlie Coyle.
6:13 of 2nd period - Goal by Charlie Coyle - Sewer Rats : 3 - Influenza : 5.
6:14 of 2nd period - Kyle Turris wins face-off versus Evgeny Grachev in neutral zone.
6:52 of 2nd period - Snap shot by Ville Leino.
6:52 of 2nd period - Shot Blocked by Matt Corrente.
7:14 of 2nd period - Matt Corrente is hit by Vojtech Polak and loses puck.
7:31 of 2nd period - Snap shot by Jamie Benn.
7:31 of 2nd period - Shot Misses the Net.
8:10 of 2nd period - Jeff May is hit by Vojtech Polak.
8:37 of 2nd period - Slapshot by John Klingberg.
8:37 of 2nd period - Deflect By Iiro Pakarinen.
8:37 of 2nd period - Shot Blocked by Peter Mueller.
8:37 of 2nd period - Puck is out of play.
8:38 of 2nd period - Andreas Engqvist wins face-off versus Jonathan Marchessault in Sewer Rats zone.
9:05 of 2nd period - Snap shot by Iiro Pakarinen.
9:05 of 2nd period - Goal by Iiro Pakarinen - Sewer Rats : 3 - Influenza : 6.
9:06 of 2nd period - Evgeny Grachev wins face-off versus Mark Mancari in neutral zone.
9:33 of 2nd period - Wrist shot by Kyle Turris.
9:33 of 2nd period - Stopped by Thomas McCollum without a rebound.
9:34 of 2nd period - Kyle Turris wins face-off versus Charlie Coyle in Influenza zone.
9:35 of 2nd period - Wrist shot by Zach Boychuk.
9:35 of 2nd period - Stopped by Thomas McCollum without a rebound.
9:36 of 2nd period - Robbie Earl wins face-off versus Peter Mueller in Influenza zone.
10:27 of 2nd period - Kyle Quincey is hit by Charlie Coyle and loses puck.
10:49 of 2nd period - Slapshot by Ville Leino.
10:49 of 2nd period - Shot Misses the Net.
10:58 of 2nd period - Slapshot by Carl Gunnarsson.
10:58 of 2nd period - Stopped by Richard Bachman with a rebound.
11:00 of 2nd period - Snap shot by Carl Gunnarsson.
11:00 of 2nd period - Stopped by Richard Bachman with a rebound.
11:02 of 2nd period - Wrist shot by Robbie Earl.
11:02 of 2nd period - Stopped by Richard Bachman without a rebound.
11:03 of 2nd period - Evgeny Grachev wins face-off versus Kyle Turris in Sewer Rats zone.
11:11 of 2nd period - Off-side.
11:12 of 2nd period - Evgeny Grachev wins face-off versus Kyle Turris in neutral zone.
11:18 of 2nd period - Icing by Matt Lashoff.
11:19 of 2nd period - Evgeny Grachev wins face-off versus Kyle Turris in Sewer Rats zone.
11:30 of 2nd period - Snap shot by Zach Boychuk.
11:30 of 2nd period - Stopped by Thomas McCollum with a rebound.
11:32 of 2nd period - Snap shot by Zach Boychuk.
11:32 of 2nd period - Stopped by Thomas McCollum with a rebound.
11:34 of 2nd period - Snap shot by Richard Jackman.
11:34 of 2nd period - Stopped by Thomas McCollum without a rebound.
11:35 of 2nd period - Mark Mancari wins face-off versus Jordan Schroeder in Influenza zone.
12:01 of 2nd period - John Klingberg is hit by Kyle Turris and loses puck.
12:28 of 2nd period - Mathieu Carle is hit by Jonathan Marchessault and loses puck.
13:43 of 2nd period - Snap shot by Derek Dorsett.
13:43 of 2nd period - Shot Misses the Net.
13:48 of 2nd period - Jeff May is hit by Richard Jackman and loses puck.
13:54 of 2nd period - Minor Penalty to Derek Dorsett for Hooking.
13:55 of 2nd period - Charlie Coyle wins face-off versus Ville Leino in Sewer Rats zone.
15:54 of 2nd period - Penalty to Derek Dorsett is over, Derek Dorsett is back on ice.
16:05 of 2nd period - Jared Boll is hit by Matt Corrente and loses puck.
16:09 of 2nd period - Steven Kampfer is hit by Matt Corrente and loses puck.
16:26 of 2nd period - Snap shot by Andreas Engqvist.
16:26 of 2nd period - Stopped by Richard Bachman with a rebound.
16:35 of 2nd period - Minor Penalty to Matt Corrente for Interference.
16:36 of 2nd period - Peter Mueller wins face-off versus Evgeny Grachev in Influenza zone.
17:53 of 2nd period - Icing by Mattias Ekholm.
17:54 of 2nd period - Jordan Schroeder wins face-off versus Peter Mueller in Sewer Rats zone.
18:15 of 2nd period - Snap shot by Zach Boychuk.
18:15 of 2nd period - Shot Blocked by Carl Gunnarsson.
18:17 of 2nd period - Snap shot by Zach Boychuk.
18:17 of 2nd period - Shot Blocked by Jamie Benn.
18:19 of 2nd period - Slapshot by Mattias Ekholm.
18:19 of 2nd period - Stopped by Thomas McCollum without a rebound.
18:20 of 2nd period - Evgeny Grachev wins face-off versus Kyle Turris in Influenza zone.
18:35 of 2nd period - Penalty to Matt Corrente is over, Matt Corrente is back on ice.
18:47 of 2nd period - Wrist shot by Robbie Earl.
18:47 of 2nd period - Shot Misses the Net.
18:49 of 2nd period - Wrist shot by Charlie Coyle.
18:49 of 2nd period - Deflect By Jeremy Morin.
18:49 of 2nd period - Shot Misses the Net.
18:49 of 2nd period - Puck is out of play.
18:50 of 2nd period - Peter Mueller wins face-off versus Charlie Coyle in Sewer Rats zone.
19:01 of 2nd period - Wrist shot by Mark Mancari.
19:01 of 2nd period - Shot Blocked by Carl Gunnarsson.
19:03 of 2nd period - Slapshot by Mattias Ekholm.
19:03 of 2nd period - Shot Misses the Net.
19:17 of 2nd period - Kyle Quincey is hit by T.J Galiardi.
19:35 of 2nd period - Snap shot by Jonathan Marchessault.
19:35 of 2nd period - Shot Blocked by Ben Smith.
19:59 of 2nd period - Richard Jackman is hit by John Klingberg and loses puck.
Goals for this period are 1 for Sewer Rats vs 3 for Influenza.
Shots for this period are 10 for Sewer Rats vs 14 for Influenza.

3rd period


0:01 of 3rd period - Evgeny Grachev wins face-off versus Peter Mueller in neutral zone.
0:45 of 3rd period - Off-side.
0:46 of 3rd period - Jonathan Marchessault wins face-off versus Jordan Schroeder in neutral zone.
1:00 of 3rd period - Snap shot by Vojtech Polak.
1:00 of 3rd period - Deflect By Derek Dorsett.
1:00 of 3rd period - Shot Blocked by Matt Corrente.
1:00 of 3rd period - Puck is out of play.
1:01 of 3rd period - Evgeny Grachev wins face-off versus Peter Mueller in Influenza zone.
1:13 of 3rd period - Off-side.
1:14 of 3rd period - Peter Mueller wins face-off versus Evgeny Grachev in neutral zone.
1:17 of 3rd period - Wrist shot by Ville Leino.
1:17 of 3rd period - Stopped by Thomas McCollum without a rebound.
1:18 of 3rd period - Peter Mueller wins face-off versus Evgeny Grachev in Influenza zone.
1:21 of 3rd period - Backhand shot by Peter Mueller.
1:21 of 3rd period - Shot Blocked by Evgeny Grachev.
1:23 of 3rd period - Wrist shot by Peter Mueller.
1:23 of 3rd period - Stopped by Thomas McCollum with a rebound.
1:45 of 3rd period - Wrist shot by Kyle Turris.
1:45 of 3rd period - Stopped by Thomas McCollum with a rebound.
1:53 of 3rd period - Slapshot by Kyle Turris.
1:53 of 3rd period - Stopped by Thomas McCollum with a rebound.
2:13 of 3rd period - Backhand shot by T.J Galiardi.
2:13 of 3rd period - Shot Blocked by Kyle Quincey.
2:28 of 3rd period - Slapshot by Matt Corrente.
2:28 of 3rd period - Stopped by Richard Bachman without a rebound.
2:29 of 3rd period - Evgeny Grachev wins face-off versus Peter Mueller in Sewer Rats zone.
2:54 of 3rd period - Jeremy Morin is hit by Steven Kampfer and loses puck.
3:03 of 3rd period - Snap shot by Jared Boll.
3:03 of 3rd period - Deflect By Zach Boychuk.
3:03 of 3rd period - Stopped by Thomas McCollum with a rebound.
3:05 of 3rd period - Wrist shot by Zach Boychuk.
3:05 of 3rd period - Shot Misses the Net.
3:07 of 3rd period - Backhand shot by Jarred Tinordi.
3:07 of 3rd period - Deflect By Jeff May.
3:07 of 3rd period - Stopped by Thomas McCollum without a rebound.
3:08 of 3rd period - Peter Mueller wins face-off versus Ben Smith in Influenza zone.
3:13 of 3rd period - Snap shot by Ville Leino.
3:13 of 3rd period - Stopped by Thomas McCollum with a rebound.
3:17 of 3rd period - Snap shot by Peter Mueller.
3:17 of 3rd period - Stopped by Thomas McCollum without a rebound.
3:18 of 3rd period - Peter Mueller wins face-off versus Evgeny Grachev in Influenza zone.
3:52 of 3rd period - Wrist shot by Peter Mueller.
3:52 of 3rd period - Stopped by Thomas McCollum without a rebound.
3:53 of 3rd period - Kyle Turris wins face-off versus Charlie Coyle in Influenza zone.
3:54 of 3rd period - Wrist shot by Zach Boychuk.
3:54 of 3rd period - Goal by Zach Boychuk - Sewer Rats : 4 - Influenza : 6.
3:55 of 3rd period - Evgeny Grachev wins face-off versus Peter Mueller in neutral zone.
4:18 of 3rd period - Icing by Jamie Benn.
4:19 of 3rd period - Kyle Turris wins face-off versus Charlie Coyle in Influenza zone.
4:25 of 3rd period - Minor Penalty to Mattias Ekholm for Roughing.
4:26 of 3rd period - Ville Leino wins face-off versus Evgeny Grachev in Sewer Rats zone.
5:47 of 3rd period - Robbie Earl is hit by Kyle Quincey.
6:05 of 3rd period - John Klingberg is hit by Kyle Quincey and loses puck.
6:25 of 3rd period - Penalty to Mattias Ekholm is over, Mattias Ekholm is back on ice.
6:38 of 3rd period - Snap shot by Ryan Russell.
6:38 of 3rd period - Shot Misses the Net.
6:40 of 3rd period - Snap shot by Ryan Russell.
6:40 of 3rd period - Deflect By Andreas Engqvist.
6:40 of 3rd period - Shot Misses the Net.
6:40 of 3rd period - Puck is out of play.
6:41 of 3rd period - Kyle Turris wins face-off versus Jordan Schroeder in Sewer Rats zone.
7:38 of 3rd period - Zach Boychuk is hit by Evgeny Grachev and loses puck.
7:59 of 3rd period - Snap shot by Robbie Earl.
7:59 of 3rd period - Deflect By Zach Boychuk.
7:59 of 3rd period - Stopped by Richard Bachman with a rebound.
8:01 of 3rd period - Slapshot by Carl Gunnarsson.
8:01 of 3rd period - Stopped by Richard Bachman with a rebound.
8:03 of 3rd period - Slapshot by Matt Corrente.
8:03 of 3rd period - Shot Misses the Net.
8:05 of 3rd period - Snap shot by Charlie Coyle.
8:05 of 3rd period - Shot Blocked by Jarred Tinordi.
8:07 of 3rd period - Snap shot by Charlie Coyle.
8:07 of 3rd period - Shot Misses the Net.
8:17 of 3rd period - Ville Leino is hit by Corey Tropp and loses puck.
9:36 of 3rd period - Slapshot by Mathieu Carle.
9:36 of 3rd period - Stopped by Richard Bachman without a rebound.
9:37 of 3rd period - Evgeny Grachev wins face-off versus Peter Mueller in Sewer Rats zone.
9:40 of 3rd period - Wrist shot by Ben Smith.
9:40 of 3rd period - Shot Misses the Net.
9:42 of 3rd period - Slapshot by Carl Gunnarsson.
9:42 of 3rd period - Deflect By Peter Mueller.
9:42 of 3rd period - Stopped by Richard Bachman with a rebound.
9:44 of 3rd period - Snap shot by Ben Smith.
9:44 of 3rd period - Influenza goal is going for a video replay.
9:44 of 3rd period - The goal is good.
9:44 of 3rd period - Goal by Ben Smith - Sewer Rats : 4 - Influenza : 7.
9:45 of 3rd period - Peter Mueller wins face-off versus Evgeny Grachev in neutral zone.
9:49 of 3rd period - Icing by Mathieu Carle.
9:50 of 3rd period - Peter Mueller wins face-off versus Evgeny Grachev in Influenza zone.
10:05 of 3rd period - Snap shot by Mark Mancari.
10:05 of 3rd period - Deflect By Peter Mueller.
10:05 of 3rd period - Shot Misses the Net.
10:05 of 3rd period - Puck is out of play.
10:06 of 3rd period - Charlie Coyle wins face-off versus Zach Boychuk in Influenza zone.
11:01 of 3rd period - Vojtech Polak is hit by Carl Gunnarsson.
11:27 of 3rd period - John Lammers is hit by Jeremy Morin and loses puck.
11:46 of 3rd period - Wrist shot by Zach Boychuk.
11:46 of 3rd period - Stopped by Thomas McCollum with a rebound.
11:48 of 3rd period - Wrist shot by Joel Edmundson.
11:48 of 3rd period - Shot Blocked by John Klingberg.
11:50 of 3rd period - Snap shot by Kyle Turris.
11:50 of 3rd period - Stopped by Thomas McCollum without a rebound.
11:51 of 3rd period - Jonathan Marchessault wins face-off versus Evgeny Grachev in Influenza zone.
13:29 of 3rd period - Evgeny Grachev is hit by Ville Leino.
13:32 of 3rd period - Off-side.
13:33 of 3rd period - Charlie Coyle wins face-off versus Kyle Turris in neutral zone.
13:36 of 3rd period - Slapshot by Mathieu Carle.
13:36 of 3rd period - Stopped by Richard Bachman without a rebound.
13:37 of 3rd period - Jared Boll wins face-off versus Charlie Coyle in Sewer Rats zone.
13:37 of 3rd period - Jared Boll is hit by Robbie Earl.
13:55 of 3rd period - Minor Penalty to Kyle Quincey for Slashing.
13:56 of 3rd period - Ville Leino wins face-off versus Evgeny Grachev in Sewer Rats zone.
14:28 of 3rd period - Snap shot by Robbie Earl.
14:28 of 3rd period - Stopped by Richard Bachman without a rebound.
14:29 of 3rd period - Mark Mancari wins face-off versus Charlie Coyle in Sewer Rats zone.
14:56 of 3rd period - Snap shot by Jamie Benn.
14:56 of 3rd period - Shot Misses the Net.
14:58 of 3rd period - Slapshot by Carl Gunnarsson.
14:58 of 3rd period - Stopped by Richard Bachman with a rebound.
15:00 of 3rd period - Slapshot by Matt Corrente.
15:00 of 3rd period - Shot Misses the Net.
15:55 of 3rd period - Penalty to Kyle Quincey is over, Kyle Quincey is back on ice.
16:11 of 3rd period - Matt Corrente is hit by Jonathan Marchessault.
16:27 of 3rd period - Kyle Turris is hit by John Klingberg and loses puck.
16:40 of 3rd period - Richard Jackman is hit by Ben Smith and loses puck.
17:29 of 3rd period - Andreas Engqvist is hit by Ville Leino and loses puck.
18:14 of 3rd period - Carl Gunnarsson is hit by Zach Boychuk and loses puck.
18:27 of 3rd period - Joel Edmundson is hit by Ben Smith.
19:06 of 3rd period - Jeremy Morin is hit by Ville Leino and loses puck.
19:54 of 3rd period - Slapshot by Derek Dorsett.
19:54 of 3rd period - Shot Misses the Net.
Goals for this period are 1 for Sewer Rats vs 1 for Influenza.
Shots for this period are 12 for Sewer Rats vs 9 for Influenza.